 Seeded DCSS version 0.29-a0-998-g1987434951 (webtiles) character file.

Game seed: 8353654600517589454 (custom seed)

1040 mathmaestro the Purveyor of Pain (level 8, 48/61 HPs)
             Began as a Demonspawn Necromancer on Aug 5, 2022.
             Was an Initiate of Kikubaaqudgha.
             Quit the game on level 5 of the Dungeon.
             The game lasted 00:15:12 (6182 turns).

mathmaestro the Purveyor of Pain (DsNe)             Turns: 6182, Time: 00:15:12

Health: 48/61      AC:  6    Str:  8    XL:     8   Next: 4%
Magic:  11/14      EV: 12    Int: 18    God:    Kikubaaqudgha [......]
Gold:   403        SH:  0    Dex: 21    Spells: 8/16 levels left

rFire   . . .      SeeInvis .   c - +0 dagger
rCold   . . .      Faith    .   (no shield)
rNeg    . . .      Spirit   .   m - +0 leather armour {rPois}
rPois   +          Reflect  .   (no helmet)
rElec   .          Harm     .   (no cloak)
rCorr   .          Rampage  .   n - +0 pair of gloves
Will    .....                   v - +0 pair of boots
Stlth   ++........              y - amulet of magic regeneration
HPRegen 0.20/turn               j - +6 ring of dexterity
MPRegen 0.54/turn               (no ring)

@: no status effects
A: hooves 1, powered by death 1, spiny 1, sharp scales 1
a: Renounce Religion


You were on level 5 of the Dungeon.
You worshipped Kikubaaqudgha.
Kikubaaqudgha was noncommittal.
You visited 2 branches of the dungeon, and saw 6 of its levels.
You also visited: Ossuary.

You collected 403 gold pieces.

Inventory:

Hand Weapons
 c - a +0 dagger (weapon)
Missiles
 w - 4 silver javelins
Armour
 m - a +0 leather armour of poison resistance (worn)
 n - a +0 pair of gloves (worn)
 v - a +0 pair of boots (worn)
Jewellery
 j - a +6 ring of dexterity (left hand)
 y - an amulet of magic regeneration (around neck)
Wands
 x - a wand of polymorph (6)
Scrolls
 e - 4 scrolls of butterflies {unknown}
 f - a scroll of enchant weapon {unknown}
 g - 2 scrolls of identify {unknown}
 h - 2 scrolls of amnesia {unknown}
 i - 2 scrolls of fear {unknown}
 k - 4 scrolls of vulnerability {unknown}
 l - 3 scrolls of enchant armour {unknown}
 p - a scroll of noise {unknown}
 q - 3 scrolls of torment {unknown}
 t - a scroll of summoning {unknown}
Potions
 a - 2 potions of lignification
 b - 3 potions of magic
 d - a potion of curing
 o - a potion of brilliance {unknown}
 r - 3 potions of cancellation {unknown}
 s - a potion of attraction {unknown}
 u - 2 potions of heal wounds


   Skills:
 + Level 4.5 Fighting
 + Level 3.7 Armour
 - Level 2.0 Dodging
 - Level 2.0 Stealth
 + Level 4.6 Spellcasting
 + Level 6.8 Necromancy


You had 8 spell levels left.
You knew the following spells:

 Your Spells              Type           Power      Damage    Failure   Level
a - Necrotise             Necr           100%       1d9       1%          1
b - Vampiric Draining     Necr           28%        2d8       3%          3
c - Animate Dead          Necr           28%        N/A       12%         4

Your spell library contained the following spells:

 Spells                   Type           Power      Damage    Failure   Level
 Agony                    Necr           28%        N/A       32%         5
 Gell's Gravitas          Tloc           4%         N/A       52%         3
 Lesser Beckoning         Tloc           4%         N/A       52%         3
 Teleport Other           Tloc           4%         N/A       52%         3


Dungeon Overview and Level Annotations

Branches:
Dungeon (5/15)             Temple (1/1) D:4         Ossuary (visited)

Altars:
Ashenzari
Cheibriados
Dithmenos
Fedhas
Gozag
Hepliaklqana
Kikubaaqudgha
Makhleb
Nemelex Xobeh
Okawaru
Qazlal
Ru
Wu Jian
Xom
Yredelemnul

Shops:
D:5 =

Annotations:
D:4 3 runed translucent doors, Encipher's ghost, amateur DsMo


Innate Abilities, Weirdness & Mutations

You have large cloven feet.
You regenerate a little health from kills.
You are partially covered in sharp spines.
You are partially covered in razor-sharp scales. (AC +1, Slay +1)


Message History

Confirm with . or Enter, or press ? or * to list all spells.
Aiming: Necrotise (safe; 1% risk of failure)
Press: ? - help, Shift-Dir - straight line, f/p - ogre
Aim: an ogre, wielding a +0 giant spiked club (moderately wounded, chance to affect: 83%)
The ogre writhes in agony.
Unknown command.
Casting: Necrotise (safe; 1% risk of failure)
Confirm with . or Enter, or press ? or * to list all spells.
Aiming: Necrotise (safe; 1% risk of failure)
Press: ? - help, Shift-Dir - straight line, f/p - ogre
Aim: an ogre, wielding a +0 giant spiked club (moderately wounded, chance to affect: 83%)
The ogre writhes in agony.
Unknown command.
You hit the ogre.
The ogre is heavily wounded.
The ogre closely misses you.
You hit the ogre but do no damage.
The ogre is heavily wounded.
The ogre closely misses you.
You hit the ogre.
The ogre is severely wounded.
You hit the ogre. You punch the ogre.
The ogre is severely wounded.
The ogre hits you with a +0 giant spiked club!
You completely miss the ogre.
The ogre is severely wounded.
The ogre closely misses you.
Casting: Necrotise (safe; 1% risk of failure)
Confirm with . or Enter, or press ? or * to list all spells.
Aiming: Vampiric Draining (dangerous; 3% risk of failure)
Press: ? - help, Shift-Dir - straight line, f/p - ogre
Aim: an ogre, wielding a +0 giant spiked club (severely wounded)
You draw life force from the ogre!
You kill the ogre!
Kikubaaqudgha accepts your kill.
You feel life coursing into your body.
You have reached level 8!
You feel agile.
Your demonic ancestry asserts itself...
Sharp spines emerge from parts of your body.
Are you sure you want to abandon this character and quit the game? (Confirm with "yes".)

#.#########
#.....)@.)#
#########<#
#.# #####.#
#.....#
#.#####
#########
####.####
........#
#.......#
)######.#
#.#####.#


There were no monsters in sight!

Vanquished Creatures
  A water moccasin (D:5)
  An ogre (D:5)
  A phantom (D:5)
  An elf zombie (Ossuary)
  A scorpion (D:5)
  A howler monkey (D:5)
  2 human zombies (Ossuary)
  2 hounds (D:4)
  2 orc priests
  An orc wizard (D:5)
  Natasha (twice) (D:3)
  5 iguanas
  3 mummies
  3 gnolls (D:4)
  6 adders
  An adder zombie (Ossuary)
  A worm (D:5)
  2 dart slugs
  7 orcs
  9 endoplasms
  2 giant cockroaches
  4 goblins
  11 hobgoblins
  5 quokkas
  4 ball pythons
  5 bats
  5 frilled lizards
  3 goblin zombies
  7 hobgoblin zombies (Ossuary)
  5 kobolds
  15 kobold zombies (Ossuary)
  10 orc zombies (Ossuary)
  7 rats
135 creatures vanquished.

Vanquished Creatures (collateral kills)
  A ball python (D:3)
  A goblin (D:1)
  A frilled lizard (D:1)
3 creatures vanquished.

Grand Total: 138 creatures vanquished

Notes
Turn   | Place    | Note
-------+----------+-------------------------------------------
     0 | D:1      | mathmaestro the Demonspawn Necromancer began the quest for
                  | the Orb.
     0 | D:1      | Reached XP level 1. HP: 13/13 MP: 3/3
   201 | D:1      | Gained mutation: You regenerate a little health from kills.
                  | [demonic ancestry]
   201 | D:1      | Reached XP level 2. HP: 20/20 MP: 3/5
   474 | D:1      | Reached skill level 1 in Fighting
   862 | D:1      | Gained mutation: You have large cloven feet. [demonic
                  | ancestry]
   862 | D:1      | Reached XP level 3. HP: 26/26 MP: 2/6
   866 | D:1      | Learned a level 3 spell: Vampiric Draining
  1949 | D:3      | Reached XP level 4. HP: 28/33 MP: 5/7
  1971 | D:3      | Reached skill level 5 in Necromancy
  1974 | D:3      | Found a faded altar of an unknown god.
  2212 | D:3      | Noticed Natasha
  2224 | D:3      | Killed Natasha
  2225 | D:3      | Reached skill level 1 in Armour
  2329 | D:3      | Reached XP level 5. HP: 34/39 MP: 0/9
  2635 | D:3      | Noticed Natasha
  2643 | D:3      | Killed Natasha
  2730 | D:3      | Learned a level 4 spell: Animate Dead
  2783 | D:4      | Found a sand-covered staircase.
  2792 | Ossuary  | Entered an ossuary
  3399 | Ossuary  | Reached XP level 6. HP: 36/46 MP: 9/11
  4005 | D:4      | Found a runed translucent gate.
  4005 | D:4      | Found a runed translucent gate.
  4005 | D:4      | Found a runed translucent gate.
  4005 | D:4      | Noticed Encipher's ghost (amateur DsMo)
  4159 | D:4      | Found a staircase to the Ecumenical Temple.
  4177 | Temple   | Entered the Ecumenical Temple
  4356 | Temple   | Became a worshipper of Kikubaaqudgha
  4518 | D:4      | Reached skill level 6 in Necromancy
  4518 | D:4      | Gained mutation: You are partially covered in razor-sharp
                  | scales. (AC +1, Slay +1) [demonic ancestry]
  4518 | D:4      | Reached XP level 7. HP: 42/52 MP: 3/12
  4981 | D:5      | Entered Level 5 of the Dungeon
  5266 | D:5      | Found Ebeusmax's Jewellery Boutique.
  6182 | D:5      | Gained mutation: You are partially covered in sharp spines.
                  | [demonic ancestry]
  6182 | D:5      | Reached XP level 8. HP: 48/61 MP: 11/14
  6182 | D:5      | Quit the game

Illustrated notes

Levels and vault maps discovered:
D:1:      dpeg_arrival_renting, layout_basic
D:2:      layout_basic
D:3:      kennysheep_big_flooded_room, layout_loops_ring,
          hellmonk_ecumenical_altar_arch_garden, uniq_natasha
D:4:      layout_gridville, minmay_temple_entry_proselytizer,
          nicolae_ossuary_entry_giza, ebering_ghost_rock_garden, minivault_5,
          abandoned_shop
D:5:      layout_loops_ring, general_overflow_altar, serial_shops, shop_coins
Temple:   nicolae_temple_two_arcs

Skill      XL: |  1  2  3  4  5  6  7 |
---------------+----------------------+-----
Stealth        | 2 |  2.0
Dodging        | 2 |  2.0
Fighting       | 1 2 3 4 |  4.5
Necromancy     | 5 6 |  6.8
Armour         | 1 2 3 |  3.7
Spellcasting   | 3 4 |  4.6

Action                   |  1- 3 |  4- 6 |  7- 9 || total
-------------------------+-------+-------+-------++-------
Melee: Dagger            |    17 |   257 |   103 ||   377
       Kick              |     3 |    88 |       ||    91
       Punch             |       |     3 |     2 ||     5
 Cast: Necrotise         |    56 |    58 |    31 ||   145
       Vampiric Draining |     1 |     3 |    13 ||    17
  Use: Potion            |       |     6 |       ||     6
 Stab: Sleeping          |     2 |     5 |     1 ||     8
       Distracted        |       |     1 |       ||     1
Armor: Robe              |     2 |       |       ||     2
       Leather armour    |     3 |    57 |    27 ||    87
       Skin              |       |    66 |       ||    66
Dodge: Dodged            |    16 |   160 |    56 ||   232

Table legend: (Time is in decaauts)
 A = Elapsed time spent in this place.
 B = Non-inter-level travel time spent in this place.
 C = Inter-level travel time spent in this place.
 D = Time resting spent in this place.
 E = Time spent auto-exploring this place.
 F = Levels seen in this place.
 G = Mean time per level.
                   A        B        C        D        E       F      G
               +--------+--------+--------+--------+--------+-----+--------+
         Total |   6191 |   5995 |    196 |   1573 |   2975 |   7 |  884.4 |
       Dungeon |   4835 |   4662 |    173 |   1025 |   2716 |   5 |  967.0 |
        Temple |    188 |    165 |     23 |      0 |    158 |   1 |  188.0 |
       Ossuary |   1167 |   1167 |      0 |    548 |    101 |   1 | 1167.0 |
               +--------+--------+--------+--------+--------+-----+--------+

Top non-repeatable levels by time:
 Ossuary: 1167 daAuts
     D:5: 1047 daAuts
     D:4: 1043 daAuts
     D:1: 1035 daAuts
     D:3: 864 daAuts
     D:2: 844 daAuts
  Temple: 188 daAuts
